 Dungeon Crawl Stone Soup version 0.16.1-14-g82efdee (webtiles) character file.

4364 KarvaRausku the Carver (level 10, -4/58 HPs)
             Began as a Tengu Gladiator on Apr 13, 2015.
             Was a High Priest of Okawaru.
             Slain by an orc knight
             ... wielding a +0 trident
              (7 damage)
             ... in a bailey.
             The game lasted 00:38:23 (9590 turns).

KarvaRausku the Carver (Tengu Gladiator)            Turns: 9590, Time: 00:38:24

Health: -4/58      AC: 12    Str: 20    XL:     10   Next: 34%
Magic:  13/13      EV: 17    Int:  8    God:    Okawaru [*****.]
Gold:   490        SH:  0    Dex: 14    Spells: 0 memorised, 9 levels left

rFire  . . .     SeeInvis .     P - +2 scimitar (slice)
rCold  + . .     Clarity  .     x - +4 scale mail {rC+}
rNeg   . . .     SustAb   .     (no shield)
rPois  .         Gourm    .     c - +0 hat
rElec  .         Spirit   .     (no cloak)
rCorr  .         Warding  .     q - +0 pair of gloves
rMut   .         Stasis   .     (boots unavailable)
MR     .....                    e - amulet of faith
Stlth  ..........               s - +3 ring of evasion
                                j - +1 ring of evasion

@: very slightly contaminated, not resistant to hostile enchantments, extremely
unstealthy
A: able to fly, beak, talons 3
a: Fly, Heroism, Finesse, Renounce Religion


You were in a bailey.
You worshipped Okawaru.
Okawaru was extremely pleased with you.
You were not hungry.

You visited 2 branches of the dungeon, and saw 10 of its levels.
You also visited: Bailey.

You collected 490 gold pieces.

Inventory:

Hand weapons
 a - a +1 long sword
 K - a +0 battleaxe
 P - a +2 scimitar of slicing (weapon)
 R - a +0 hand crossbow
 Y - a +0 trident
Missiles
 d - a throwing net (quivered)
 X - 18 silver sling bullets
Armour
 b - a +0 leather armour
 c - a +0 hat (worn)
 q - a +0 pair of gloves (worn)
 t - a +0 chain mail
 x - a +4 scale mail of cold resistance (worn)
 L - a +0 plate armour
Jewellery
 e - an amulet of faith (around neck)
 j - a +1 ring of evasion (left hand)
 s - a +3 ring of evasion (right hand)
 y - an uncursed amulet of regeneration
 F - an uncursed ring of protection from fire
 J - a -2 ring of dexterity
 W - an uncursed ring of protection from fire
Magical devices
 w - a wand of magic darts (0)
 C - a wand of cold (0)
 H - a wand of draining (0)
 I - a wand of lightning (0)
 M - a wand of fire (0)
 N - a wand of flame (18)
 S - a wand of flame (29)
 Z - a wand of polymorph (7)
Scrolls
 g - 2 scrolls of fear
 h - 2 scrolls of immolation
 k - a scroll of teleportation
 l - a scroll of noise
 m - 3 scrolls of remove curse
 p - a scroll of random uselessness
 r - 3 scrolls of identify
 u - 3 scrolls of amnesia
 v - 3 scrolls of blinking
 G - 2 scrolls of enchant armour
Potions
 n - a potion of berserk rage
 o - a potion of curing
 z - 2 potions of invisibility
 D - 3 potions of brilliance
 E - a potion of heal wounds
 O - 2 potions of cure mutation
 U - a potion of agility
 V - a potion of haste
Books
 B - a book of the Earth

   Spells                             Type                      Level
   a - Leda's Liquefaction            Hexes/Earth                  4
   b - Bolt of Magma                  Conjuration/Fire/Earth       5
   c - Statue Form                    Transmutation/Earth          6
   d - Iron Shot                      Conjuration/Earth            6
   e - Shatter                        Earth                        9
Comestibles
 f - 4 bread rations
 i - 3 meat rations
 A - 8 fruits


   Skills:
 * Level 4.9 Fighting
 + Level 13.2 Long Blades
 + Level 1.3 Polearms
 - Level 2.1 Throwing
 * Level 3.2 Armour
 * Level 7.3 Dodging


You had 9 spell levels left.
You didn't know any spells.

Dungeon Overview and Level Annotations

Branches:
Dungeon (9/15)             Temple (1/1) D:7
   Lair: D:8-11         Orc: D:9-12

Altars:
Ashenzari
Cheibriados
Dithmenos
Elyvilon
Fedhas
Gozag
Kikubaaqudgha
Makhleb
Nemelex Xobeh
Okawaru
Qazlal
Ru
Sif Muna
Trog
Vehumet
Xom
Yredelemnul
Zin

Shops:
D:9 [?(

Annotations:
D:4 Mizdow's ghost, average MiBe


Innate Abilities, Weirdness & Mutations

You can fly.
You have a beak for a mouth.
You have claws for feet.


Message History

You feel much better.
The orc knight hits you from afar with a trident!
Drink which item? (? for menu, Esc to quit)
You're too hungry to go berserk.
The orc knight barely misses you.
You see here a yellow potion.
You hit the orc knight. Your kick misses the orc knight.
The orc knight is moderately wounded.
You miss the orc knight.
You claw the orc knight, but do no damage.
The orc knight is moderately wounded.
The orc knight hits you with a trident!
Drink which item? (? for menu, Esc to quit)
You're too hungry to go berserk.
Eat which item? (? for menu, Esc to quit)
The orc knight hits you with a trident!
* * * LOW HITPOINT WARNING * * *
You continue eating.
The orc knight hits you with a trident!
You die...

### #######
....#########.....## #
.....#.....#.......######
.....'.!.!.'...)...#....#
......'..!..'..)).o.))...)
......').@o.'...)..)#....#
......#.....#.......######
... ########.....## # #
#######


You could see an orc knight.

Vanquished Creatures
  A centaur zombie (D:7)
  2 ice beasts
  10 orc warriors
  2 sky beasts
  4 phantoms
  3 centaurs
  5 ogres
  Sigmund (D:2)
  The ghost of KarvaRausku the Conjurer, an average TeCj (D:3)
  2 giant frogs
  7 crimson imps
  2 goliath beetles (D:7)
  A quasit (D:6)
  A giant frog zombie (D:8)
  6 orc priests
  A centaur skeleton (D:7)
  4 hounds
  2 iguanas
  5 worker ants
  5 orc wizards
  Natasha (thrice) (D:6)
  A killer bee zombie (D:9)
  A hound skeleton (D:6)
  Terence (D:3)
  2 shadow imps (D:7)
  8 adders
  A giant mite (D:5)
  5 worms
  An adder zombie (D:5)
  An adder skeleton (D:5)
  3 giant geckos
  61 orcs
  6 giant cockroaches
  15 goblins
  6 hobgoblins
  9 jackals
  16 kobolds
  3 quokkas
  2 ball pythons
  13 bats
  A giant gecko skeleton (D:6)
  4 giant newts
  13 rats
241 creatures vanquished.

Vanquished Creatures (others)
  An orc wizard (D:8)
1 creature vanquished.

Grand Total: 242 creatures vanquished

Notes
Turn   | Place    | Note
--------------------------------------------------------------
     0 | D:1      | KarvaRausku, the Tengu Gladiator, began the quest for the Orb.
     0 | D:1      | Reached XP level 1. HP: 12/12 MP: 1/1
   227 | D:1      | Reached XP level 2. HP: 17/17 MP: 3/3
   290 | D:1      | Reached skill level 4 in Long Blades
   982 | D:2      | Found an iron altar of Okawaru.
   985 | D:2      | Became a worshipper of Warmaster Okawaru
  1184 | D:2      | Reached XP level 3. HP: 18/21 MP: 4/4
  1211 | D:2      | Noticed Sigmund
  1227 | D:2      | Killed Sigmund
  1227 | D:2      | Reached skill level 5 in Long Blades
  1227 | D:2      | Reached XP level 4. HP: 18/26 MP: 5/5
  1298 | D:3      | Acquired Okawaru's first power
  1424 | D:3      | Reached XP level 5. HP: 28/30 MP: 7/7
  1803 | D:3      | Reached skill level 6 in Long Blades
  2199 | D:3      | Noticed KarvaRausku's ghost (average TeCj)
  2203 | D:3      | Killed KarvaRausku's ghost
  2203 | D:3      | Reached XP level 6. HP: 31/35 MP: 8/8
  2221 | D:3      | Found a blossoming altar of Fedhas.
  2221 | D:3      | Noticed Terence
  2231 | D:3      | Killed Terence
  2428 | D:4      | Reached skill level 7 in Long Blades
  2604 | D:4      | Reached skill level 5 in Dodging
  2618 | D:4      | Noticed Mizdow's ghost (average MiBe)
  2915 | D:4      | Reached XP level 7. HP: 32/40 MP: 9/9
  3748 | D:4      | Reached skill level 8 in Long Blades
  3918 | D:5      | Entered Level 5 of the Dungeon
  3999 | D:5      | You fall through a shaft!
  4063 | D:6      | Found a stormy altar of Qazlal.
  4120 | D:6      | Noticed Natasha
  4126 | D:6      | Killed Natasha
  4142 | D:6      | Reached XP level 8. HP: 39/44 MP: 11/11
  4165 | D:6      | Reached skill level 9 in Long Blades
  4190 | D:6      | Noticed Natasha
  4199 | D:6      | Killed Natasha
  4573 | D:6      | HP: 2/44 [orc warrior/battleaxe (15)]
  4853 | D:6      | Found an ancient bone altar of Kikubaaqudgha.
  4919 | D:6      | Reached skill level 10 in Long Blades
  5023 | D:6      | Noticed Natasha
  5027 | D:6      | Killed Natasha
  5218 | D:7      | Noticed a centaur zombie
  5259 | D:6      | Reached skill level 11 in Long Blades
  5440 | D:5      | Reached XP level 9. HP: 48/48 MP: 12/12
  5671 | D:5      | Found a shattered altar of Ashenzari.
  6086 | D:5      | Acquired Okawaru's second power
  6086 | D:5      | Reached skill level 12 in Long Blades
  7162 | D:7      | Reached skill level 1 in Armour
  7257 | D:7      | Found a staircase to the Ecumenical Temple.
  7275 | Temple   | Entered the Ecumenical Temple
  7474 | D:7      | Killed a centaur zombie
  7625 | D:7      | Received a gift from Okawaru
  7625 | D:7      | Reached skill level 13 in Long Blades
  8023 | D:8      | Found a burning altar of Makhleb.
  8055 | D:8      | Reached XP level 10. HP: 54/56 MP: 13/13
  8374 | D:8      | Found a snail-covered altar of Cheibriados.
  8564 | D:9      | Found Culiq's Weapon Boutique.
  8756 | D:9      | Found Ona Japn's Magic Scroll Emporium.
  8790 | D:9      | Found a shattered altar of Ashenzari.
  8870 | D:9      | Found Throceize's Antique Armour Boutique.
  9047 | D:9      | Found a flagged portal.
  9073 | Bailey   | Entered a bailey
  9158 | Bailey   | HP: 2/58 [orc warrior/glaive (26)]
  9178 | Bailey   | HP: 1/58 [orc warrior/glaive (5)]
  9180 | Bailey   | Reached skill level 1 in Polearms
  9199 | Bailey   | HP: 4/87 [orc/trident (2)]
  9200 | Bailey   | HP: 1/87 [orc/hand axe (3)]
  9529 | Bailey   | Noticed an orc knight
  9590 | Bailey   | Slain by an orc knight

Action                   |  1- 3 |  4- 6 |  7- 9 | 10-12 || total
-------------------------+-------+-------+-------+-------++-------
Melee: Long sword        |    73 |   115 |   488 |       ||   676
       Scimitar          |       |       |    24 |   145 ||   169
Throw: Throwing net      |       |       |     1 |     1 ||     2
Evoke: Wand              |       |       |    18 |     2 ||    20
  Use: Scroll            |     4 |     2 |     4 |     9 ||    19
       Potion            |     3 |       |     4 |     6 ||    13
 Stab: Confused          |       |       |       |     1 ||     1
  Eat: Chunk             |     1 |     5 |    16 |     3 ||    25
       Beef jerky        |       |       |     1 |       ||     1
       Bread ration      |       |       |       |     1 ||     1
       Pizza             |       |       |       |     1 ||     1
